 Dungeon Crawl Stone Soup version 0.23.0-3-gf3c87f2 (webtiles) character file.

Game seed: 4789171740094259718

555 Borgoz the Sneak (level 7, -1/51 (52) HPs)
             Began as a Ghoul Enchanter on Feb 24, 2019.
             Slain by Dowan
             ... wielding a +0 dagger
              (5 damage)
             ... on level 4 of the Dungeon.
             The game lasted 00:12:41 (3806 turns).

Borgoz the Sneak (Ghoul Enchanter)                  Turns: 3806, Time: 00:12:42

HP:   -1/51 (52)    AC:  6    Str: 12    XL:     7   Next: 30%
MP:   3/9           EV: 12    Int: 10    God:
Gold: 151           SH:  0    Dex: 11    Spells: 5/10 levels left

rFire    . . .     SeeInvis +   a - +1 dagger (drain)
rCold    + . .     Gourm    .   (no shield)
rNeg     + + +     Faith    .   k - +0 leather armour
rPois    ∞         Spirit   .   (no helmet)
rElec    .         Reflect  .   m - +0 cloak
rCorr    .         Harm     .   g - +0 pair of gloves
MR       .....                  c - +0 pair of boots
Stlth    ++........             (no amulet)
HPRegen  0.00/turn              (no ring)
MPRegen  0.11/turn              j - ring of see invisible

@: rotting
A: rotting body, claws 1, carnivore, cold resistance 1, negative energy
resistance 3, inhibited regeneration, torment resistance, unbreathing
a: no special abilities


You were on level 4 of the Dungeon.
You were not hungry.

You visited 1 branch of the dungeon, and saw 4 of its levels.

You collected 151 gold pieces.

Inventory:

Hand Weapons
 a - a +1 dagger of draining (weapon)
 b - a +0 blowgun
 h - a +2 quarterstaff of chaos
Missiles
 i - 28 poisoned needles
Armour
 c - a +0 pair of boots (worn)
 g - a +0 pair of gloves (worn)
 k - a +0 leather armour (worn)
 m - a +0 cloak (worn)
Jewellery
 j - a ring of see invisible (right hand)
Wands
 n - a wand of random effects (10)
Scrolls
 e - 3 scrolls of amnesia
 p - 2 scrolls of identify
Potions
 f - a potion of flight
Comestibles
 d - 6 rations
 o - 2 chunks of flesh


   Skills:
 + Level 1.3 Fighting
 * Level 3.9 Short Blades
 + Level 2.0 Armour
 * Level 3.3 Dodging
 + Level 4.5 Stealth
 + Level 2.3 Spellcasting
 * Level 3.3 Hexes


You had 5 spell levels left.
You knew the following spells:

 Your Spells              Type           Power        Failure   Level  Hunger
a - Ensorcelled Hibernat  Hex/Ice        #.....       28%         2    ###....
b - Confuse               Hex            #.......     30%         3    ####...

Your spell library contained the following spells:

 Spells                   Type           Power        Failure   Level  Hunger
 Corona                   Hex            #......      10%         1    ##.....
 Tukima's Dance           Hex            #.......     30%         3    ####...
 Dazzling Spray           Conj/Hex       #.....       52%         3    ####...


Dungeon Overview and Level Annotations

Branches:
Dungeon (4/15)
 Temple: D:4-7

Altars:

Annotations:
D:4 Dowan


Innate Abilities, Weirdness & Mutations

Your body is rotting away.
You thrive on raw meat.
You are immune to poison.
You have sharp fingernails.
You are carnivorous and can eat meat at any time.
Your flesh is cold resistant. (rC+)
You are immune to negative energy. (rN+++)
You do not regenerate when monsters are visible.
You are immune to unholy pain and torment.
You can survive without breathing.


Message History

You hit the orc.
You kill the orc!
Dowan gestures at you while chanting. The shard of ice hits you!
You partially resist.
* * * LOW HITPOINT WARNING * * *
You hit the orc.
The orc is severely wounded.
You feel your flesh rotting away. The orc hits you but does no damage.
Okay, then.
You closely miss the orc.
The orc is heavily wounded.
Dowan closely misses you. The orc closely misses you.
You hit the orc but do no damage.
The orc is heavily wounded.
Dowan misses you.
You hit the orc but do no damage. You drain the orc.
You kill the orc!
Dowan hits you with a +0 dagger.
You die...

#.# #......... ..
#......... #.##
#.........
#..#####........#
#..##...........#
.
##....####......#
.. #..####
##....## ...
##e## #....# ....
##@## #...##
.<...####l####
##..#
.........o...##
#.##
.................
###
.................
.................
................#
##.............##
##...........##


You could see Dowan (invisible), an iguana and an orc.

Vanquished Creatures
  Edmund (D:3)
  Duvessa (D:4)
  A bullfrog (D:2)
  Crazy Yiuf (D:3)
  Terence (D:3)
  An iguana (D:4)
  An orc wizard (D:3)
  8 adders
  An ooze (D:2)
  3 worms
  2 dart slugs
  6 leopard geckos
  13 orcs
  2 giant cockroaches
  2 goblins (D:1)
  3 hobgoblins
  5 jackals
  6 bats
  2 frilled lizards (D:2)
  8 kobolds
  5 rats
73 creatures vanquished.

Notes
Turn   | Place    | Note
-------+----------+-------------------------------------------
     0 | D:1      | Borgoz the Ghoul Enchanter began the quest for the Orb.
     0 | D:1      | Reached XP level 1. HP: 14/14 MP: 2/2
   191 | D:1      | Reached skill level 1 in Short Blades
   354 | D:1      | Reached XP level 2. HP: 14/20 MP: 1/3
   722 | D:1      | Learned a level 2 spell: Ensorcelled Hibernation
   935 | D:2      | Noticed a bullfrog
   965 | D:2      | Killed a bullfrog
   965 | D:2      | Reached XP level 3. HP: 18/26 MP: 1/5
   965 | D:2      | Reached XP level 4. HP: 23/33 MP: 1/6
  1479 | D:2      | Reached skill level 1 in Armour
  1659 | D:2      | Reached XP level 5. HP: 23/39 MP: 7/7
  2629 | D:3      | Learned a level 3 spell: Confuse
  3132 | D:3      | Noticed Terence
  3144 | D:3      | Killed Terence
  3144 | D:3      | Reached XP level 6. HP: 33/46 MP: 5/8
  3170 | D:3      | Found a runed translucent door.
  3171 | D:3      | Noticed Crazy Yiuf
  3340 | D:3      | Killed Crazy Yiuf
  3340 | D:3      | Reached skill level 1 in Fighting
  3340 | D:3      | Reached skill level 4 in Stealth
  3384 | D:4      | Noticed Edmund
  3537 | D:3      | Killed Edmund
  3736 | D:4      | Noticed Dowan
  3737 | D:4      | Noticed Duvessa
  3761 | D:4      | Killed Duvessa
  3761 | D:4      | Reached XP level 7. HP: 42/52 MP: 3/9
  3806 | D:4      | Slain by Dowan

Skill      XL: |  1  2  3  4  5  6 |
---------------+-------------------+-----
Short Blades   | 1 2 3 |  3.9
Dodging        | 2 3 |  3.3
Spellcasting   | 2 |  2.3
Armour         | 1 2 |  2.0
Fighting       | 1 |  1.3
Stealth        | 4 |  4.5
Hexes          | 3 |  3.3

Action                   |  1- 3 |  4- 6 |  7- 9 || total
-------------------------+-------+-------+-------++-------
Melee: Dagger            |    71 |   392 |    42 ||   505
 Cast: Corona            |     2 |       |       ||     2
       Ensorcelled Hiber |     1 |    15 |     2 ||    18
       Confuse           |       |     2 |       ||     2
  Use: Scroll            |     4 |     9 |       ||    13
       Potion            |     2 |     2 |     1 ||     5
 Stab: Sleeping          |     2 |    10 |       ||    12
       Confused          |       |     2 |       ||     2
  Eat: Chunk             |     5 |    32 |       ||    37
Armor: Robe              |    15 |       |       ||    15
       Leather armour    |     5 |    82 |    11 ||    98
Dodge: Dodged            |    52 |   199 |    18 ||   269
